 Dungeon Crawl Stone Soup version 0.31-a0-1352-gc98d92d (webtiles) character file.

Game seed: 16475239382893535065

743 HulliHoarder the Covert (level 7, -3/53 HPs)
             Began as a Gnoll Wanderer on Dec 22, 2023.
             Slain by an ogre
             ... wielding a +0 giant spiked club
              (26 damage)
             ... on level 5 of the Dungeon.
             The game lasted 00:22:42 (4623 turns).

HulliHoarder the Covert (Gnoll Wanderer)            Turns: 4623, Time: 00:22:43

Health: -3/53      AC:  5    Str: 12    XL:     7   Next: 76%
Magic:  11/12      EV: 12    Int:  7    God:
Gold:   141        SH:  5    Dex: 17    Spells: 11/13 levels left

rFire   . . .        a - +2 short sword
rCold   . . .        m - +0 buckler
rNeg    . . .        e - +0 leather armour
rPois   .            B - +1 helmet
rElec   .            (no cloak)
rCorr   .            (no gloves)
SInv    .            (no boots)
Will    .....        (no amulet)
Stlth   ++++         (no ring)
HPRegen 0.28/turn    (no ring)
MPRegen 0.13/turn

%: no passive effects
@: studying Spellcasting
A: fangs 1, strong nose, distributed training
a: no special abilities


You were on level 5 of the Dungeon.
You visited 1 branch of the dungeon, and saw 5 of its levels.

You collected 141 gold pieces.

Inventory:

Hand Weapons
 a - a +2 short sword (weapon)
 b - a +0 sling
 h - a +2 heavy sling
 l - a +0 flail of protection
 s - a +0 rapier
Missiles
 k - 4 curare-tipped darts
 r - 7 poisoned darts (quivered)
 v - 3 boomerangs
Armour
 e - a +0 leather armour (worn)
 m - a +0 buckler (worn)
 B - a +1 helmet (worn)
Jewellery
 x - a ring of protection from fire
Talismans
 n - a flux talisman
 A - a beast talisman
Wands
 y - a wand of paralysis (16)
Scrolls
 i - a scroll of torment {unknown}
 j - a scroll of enchant armour {unknown}
 q - a scroll of revelation {unknown}
 u - a scroll of blinking {unknown}
 w - 3 scrolls of vulnerability {unknown}
 z - 2 scrolls of poison {unknown}
Potions
 d - 2 potions of invisibility
 f - 3 potions of curing {unknown}
 g - 2 potions of heal wounds
 o - a potion of ambrosia {unknown}
 p - 2 potions of haste
 t - a potion of magic {unknown}


   Skills:
 + Level 3.9 Fighting
 + Level 7.2 Short Blades
 + Level 2.8 Long Blades
 + Level 2.8 Axes
 + Level 2.8 Maces & Flails
 + Level 2.8 Polearms
 + Level 2.8 Staves
 + Level 3.9 Ranged Weapons
 + Level 2.8 Throwing
 + Level 3.9 Armour
 + Level 2.8 Dodging
 + Level 8.3 Stealth
 + Level 2.8 Shields
 + Level 2.8 Unarmed Combat
 + Level 3.6 Spellcasting
 + Level 2.3 Conjurations
 + Level 2.3 Hexes
 + Level 2.3 Summonings
 + Level 2.3 Necromancy
 + Level 2.3 Translocations
 + Level 2.3 Fire Magic
 + Level 2.3 Ice Magic
 + Level 2.3 Air Magic
 + Level 2.3 Earth Magic
 + Level 2.3 Alchemy
 + Level 3.1 Invocations
 + Level 2.8 Evocations
 + Level 2.5 Shapeshifting


You had 11 spell levels left.
You knew the following spells:

 Your Spells              Type           Power      Damage    Failure   Level
a - Call Imp              Summ           8%         N/A       34%         2

Your spell library contained the following spells:

 Spells                   Type           Power      Damage    Failure   Level
 Sublimation of Blood     Necr           4%         N/A       34%         2
 Call Canine Familiar     Summ           4%         N/A       56%         3
 Sigil of Binding         Hex            4%         N/A       56%         3
 Dimensional Bullseye     Hex/Tloc       2%         N/A       92%         4
 Summon Hydra             Summ           2%         N/A       100%        7


Dungeon Overview and Level Annotations

Branches:
Dungeon (5/15)
 Temple: D:4-7

Altars:
Elyvilon
Ru
Wu Jian

Shops:
D:5 =

Annotations:
D:4 1 runed translucent door, Crazy Yiuf
D:5 Blork the orc


Innate Abilities, Weirdness & Mutations

You have very sharp teeth.
Your uncanny sense of smell can sniff out nearby items.
Your experience applies equally to all skills.


Message History

You hit the worm.
The worm is lightly wounded.
You hit the worm.
The worm is moderately wounded.
Casting: Call Imp (dangerous; 34% risk of failure)
Confirm with . or Enter, or press ? or * to list all spells.
You miscast Call Imp.
Nothing appears to happen.
The worm barely misses you.
You hit the worm.
The worm is heavily wounded.
You hit the worm.
You kill the worm!
No target in view!
You see here 2 poisoned darts.
r - 5 poisoned darts (gained 2)
A worm comes into view.
You see here 2 poisoned darts.
r - 7 poisoned darts (gained 2)
The helpless worm fails to defend itself.
You spit the worm like a pig!!!
You kill the worm!
A worm comes into view.
You see here a worm corpse.
The ogre shouts!
The ogre barely misses you.
You hit the ogre.
The ogre is lightly wounded.
You barely miss the ogre.
The ogre is lightly wounded.
The ogre hits you with a +0 giant spiked club!!
Ouch! That really hurt!
The worm falls through a shaft!
The shaft crumbles and collapses.
The worm attacks as it pursues you! The worm bites you.
You see here a worm corpse.
Your magical contamination has completely faded away.
Aiming: Paralyse
Press: ? - help, Shift-Dir - straight line, f - ogre
Aim: an ogre, wielding a +0 giant spiked club (chance to affect: 55%)
The ogre resists with significant effort.
The ogre hits you with a +0 giant spiked club!!
You die...

≈≈.....##..#...##^.^....^.#.
.......##..#...#.....w^.....
...≈≈.....#....#..^.>.^....#
...≈≈.....#....#...^...^....
...............##......^..#
##.....##......###^†.....##
######........# ##....^##
#..........#####w!.##
##########..@O.w.###
#########


You could see an ogre and 2 worms.

Vanquished Creatures
  An ice beast (D:5)
  A phantom (D:4)
  A scorpion (D:5)
  A howler monkey (D:4)
  A gnoll bouda (D:4)
  An orc priest (D:3)
  3 hounds
  2 iguanas
  Terence (D:3)
  3 gnolls (D:2)
  10 adders
  4 worms
  2 dart slugs
  16 orcs
  4 bats
  9 endoplasms
  2 giant cockroaches
  5 goblins
  9 hobgoblins
  10 jackals
  4 quokkas
  14 ball pythons
  5 frilled lizards
  4 kobolds
  3 rats
116 creatures vanquished.

Vanquished Creatures (collateral kills)
  An orc (D:5)
1 creature vanquished.

Grand Total: 117 creatures vanquished

Notes
Turn   | Place    | Note
-------+----------+-------------------------------------------
     0 | D:1      | HulliHoarder the Gnoll Wanderer began the quest for the
                  | Orb.
     0 | D:1      | HulliHoarder set off with the following items: a +2 short
                  | sword, a +0 sling, a +0 helmet, a potion of invisibility, a
                  | +0 leather armour.
     0 | D:1      | Reached XP level 1. HP: 17/17 MP: 1/1
   126 | D:1      | Found a faded altar of an unknown god.
   149 | D:1      | Reached XP level 2. HP: 22/23 MP: 2/2
   296 | D:1      | Reached XP level 3. HP: 28/28 MP: 3/3
   548 | D:1      | Reached skill level 1 in Invocations
   998 | D:2      | Reached skill level 1 in Long Blades
   998 | D:2      | Reached skill level 1 in Axes
   998 | D:2      | Reached skill level 1 in Maces & Flails
   998 | D:2      | Reached skill level 1 in Polearms
   998 | D:2      | Reached skill level 1 in Staves
   998 | D:2      | Reached skill level 1 in Throwing
   998 | D:2      | Reached skill level 1 in Dodging
   998 | D:2      | Reached skill level 1 in Shields
   998 | D:2      | Reached skill level 1 in Unarmed Combat
   998 | D:2      | Reached skill level 1 in Spellcasting
   998 | D:2      | Reached skill level 1 in Evocations
  1017 | D:2      | Found a white marble altar of Elyvilon.
  1111 | D:2      | Reached skill level 1 in Shapeshifting
  1111 | D:2      | Reached XP level 4. HP: 32/34 MP: 5/5
  1282 | D:2      | Reached skill level 1 in Conjurations
  1282 | D:2      | Reached skill level 1 in Hexes
  1282 | D:2      | Reached skill level 1 in Summonings
  1282 | D:2      | Reached skill level 1 in Necromancy
  1282 | D:2      | Reached skill level 1 in Translocations
  1282 | D:2      | Reached skill level 1 in Fire Magic
  1282 | D:2      | Reached skill level 1 in Ice Magic
  1282 | D:2      | Reached skill level 1 in Air Magic
  1282 | D:2      | Reached skill level 1 in Earth Magic
  1282 | D:2      | Reached skill level 1 in Alchemy
  1300 | D:2      | Reached XP level 5. HP: 27/40 MP: 5/7
  1918 | D:3      | Noticed Terence
  1924 | D:3      | Killed Terence
  2450 | D:3      | Found a sacrificial altar of Ru.
  2807 | D:3      | Reached skill level 8 in Stealth
  2993 | D:3      | Reached XP level 6. HP: 26/47 MP: 8/8
  3390 | D:4      | Found a runed translucent door.
  3393 | D:4      | Noticed Crazy Yiuf
  3718 | D:4      | Reached XP level 7. HP: 36/52 MP: 9/11
  3747 | D:4      | Learned a level 2 spell: Call Imp
  4090 | D:5      | Entered Level 5 of the Dungeon
  4272 | D:5      | Found Exoex's One-of-a-Kind Rings.
  4312 | D:5      | Noticed Blork the orc
  4550 | D:5      | Found an ornate altar of the Wu Jian Council.
  4623 | D:5      | Slain by an ogre

Illustrated notes

Levels and vault maps discovered:
D:1:      psy_arrival_radial02, layout_loops_ring,
          chequers_ecumenical_altar_simple, minmay_tetromino_l4
D:2:      layout_loops_ring, basic_altar, minivault_5
D:3:      layout_loops_ring, mainiacjoe_overflow_tiny_flanked, uniq_terence
D:4:      layout_loops_ring, minmay_manual_mess, uniq_crazy_yiuf_cottage
D:5:      layout_gridville, nicolae_wu_jian_wuxing_cycle,
          mainiacjoe_overflow_cross_hatched, nicolae_shop_unique_rings,
          eino_small_chamber_without_monster, st_stairs_9, nicolae_wormholes,
          uniq_ijyb, uniq_blork_the_orc, uniq_menkaure, uniq_prince_ribbit1,
          uniq_pikel

Skill      XL: |  1  2  3  4  5  6  7 |
---------------+----------------------+-----
Invocations    | 1 2 3 |  3.1
Long Blades    | 1 2 |  2.8
Axes           | 1 2 |  2.8
Maces & Flails | 1 2 |  2.8
Polearms       | 1 2 |  2.8
Staves         | 1 2 |  2.8
Throwing       | 1 2 |  2.8
Dodging        | 1 2 |  2.8
Shields        | 1 2 |  2.8
Unarmed Combat | 1 2 |  2.8
Spellcasting   | 1 2 3 |  3.6
Evocations     | 1 2 |  2.8
Shapeshifting  | 1 2 |  2.5
Conjurations   | 1 2 |  2.3
Hexes          | 1 2 |  2.3
Summonings     | 1 2 |  2.3
Necromancy     | 1 2 |  2.3
Translocations | 1 2 |  2.3
Fire Magic     | 1 2 |  2.3
Ice Magic      | 1 2 |  2.3
Air Magic      | 1 2 |  2.3
Earth Magic    | 1 2 |  2.3
Alchemy        | 1 2 |  2.3
Fighting       | 3 |  3.9
Ranged Weapons | 3 |  3.9
Armour         | 3 |  3.9
Stealth        | 8 |  8.3
Short Blades   | 7 |  7.2

Action                     |  1- 3 |  4- 6 |  7- 9 || total
---------------------------+-------+-------+-------++-------
  Melee: Short sword       |   110 |   220 |   120 ||   450
         Bite              |     5 |    32 |    17 ||    54
         Punch             |       |     1 |       ||     1
   Fire: Sling             |     1 |       |       ||     1
  Throw: Dart              |       |     5 |     4 ||     9
   Cast: Call Imp          |       |       |     6 ||     6
  Evoke: Wand              |       |       |     1 ||     1
    Use: Scroll            |       |     3 |       ||     3
   Stab: Sleeping          |    14 |    19 |     3 ||    36
         Distracted        |       |     3 |       ||     3
 Armour: Leather armour    |    43 |    65 |    47 ||   155
  Dodge: Dodged            |    39 |    91 |    49 ||   179
  Block: Buckler           |       |    22 |    17 ||    39

Table legend: (Time is in decaauts)
 A = Elapsed time spent in this place.
 B = Non-inter-level travel time spent in this place.
 C = Inter-level travel time spent in this place.
 D = Time resting spent in this place.
 E = Time spent auto-exploring this place.
 F = Levels seen in this place.
 G = Mean time per level.
                   A        B        C        D        E       F      G
               +--------+--------+--------+--------+--------+-----+--------+
         Total |   4482 |   4113 |    369 |    434 |   1849 |   5 |  896.4 |
       Dungeon |   4482 |   4113 |    369 |    434 |   1849 |   5 |  896.4 |
               +--------+--------+--------+--------+--------+-----+--------+

Top non-repeatable levels by time:
     D:3: 1079 daAuts
     D:4: 1056 daAuts
     D:1: 963 daAuts
     D:2: 941 daAuts
     D:5: 440 daAuts
